AoeStats
← catchchez

Arabia

507416903Analyzed
1v1 RM · 16d ago on Sep 18, 2026· 33m 19s· 2 players
Game mode
Random Map
Map size
Tiny (2 player)
Population
200
Speed
Normal
Resources
Standard
Victory
Conquest
Starting age
Dark Age
Ending age
Imperial Age
RankedLock teamsTeams togetherTeam positionsShared explorationLock speedFull tech treeHidden civsTurbo modeCheats
Victory
Defeat
🇦🇷 Tupi · Argentina
720
+16
🇮🇳 Ethiopians · India
723
-16
Lord_Engineer
7:36 Loom
10:27 Feudal Age
16:49 Castle Age
19:56 Padded Archer Armor
21:58 Fletching
catchchez
1:40 Loom
11:05 Feudal Age
11:53 Double-Bit Axe
15:47 Fletching
21:57 Castle Age
22:06 Crossbowman
22:52 Thumb Ring
Connection lost

Rejoining the realm…

Still unreachable

The connection could not be restored.

Session expired

The server has moved on; the page needs a fresh start.